 Dungeon Crawl Stone Soup version 0.28-a0-194-g42b4daccc1 (webtiles) character file.

Game seed: 12047807859036210241

2132 rabbitsville the Destroyer (level 9, -4/51 HPs)
             Began as an Octopode Conjurer on Aug 18, 2021.
             Was a Follower of Sif Muna.
             Succumbed to a killer bee's poison
             ... on level 7 of the Dungeon.
             The game lasted 01:08:09 (8264 turns).

rabbitsville the Destroyer (Octopode Conjurer)      Turns: 8264, Time: 01:08:10

Health: -4/51      AC:  1    Str:  7    XL:     9   Next: 30%
Magic:  10/17      EV: 13    Int: 29    God:    Sif Muna [*.....]
Gold:   312        SH:  0    Dex: 10    Spells: 11/19 levels left

rFire   + . .      SeeInvis .   b - +2 mace (protect)
rCold   + . .      Faith    .   (no shield)
rNeg    . . .      Spirit   .   (helmet restricted)
rPois   +          Reflect  .   (no amulet)
rElec   +          Harm     .   q - +6 ring of intelligence
rCorr   +          Rampage  .   (no ring)
Will    .....                   (no ring)
Stlth   ++++......              (no ring)
HPRegen 0.17/turn               (no ring)
MPRegen 0.15/turn               (no ring)
                                (no ring)
                                (no ring)

@: lethally poisoned (-4 -> -51), resistant
A: almost no armour, amphibious, 8 rings, camouflage 1, gelatinous body 1,
(nimble swimmer 1), tentacles
a: Renounce Religion, Channel Magic


You were on level 7 of the Dungeon.
You worshipped Sif Muna.
Sif Muna was aware of your devotion.
You visited 2 branches of the dungeon, and saw 8 of its levels.

You collected 312 gold pieces.

Inventory:

Hand Weapons
 b - a +2 mace of protection (weapon)
Missiles
 l - 14 poisoned darts
 n - 5 datura-tipped darts
 p - a throwing net
Jewellery
 q - a +6 ring of intelligence (left tentacle)
Wands
 h - a wand of acid (4)
 o - a wand of polymorph (3)
Scrolls
 a - a scroll of blinking {unknown}
 c - 4 scrolls of enchant armour
 d - a scroll of enchant weapon {unknown}
 e - a scroll of identify
 f - 2 scrolls of teleportation {unknown}
 g - a scroll of vulnerability {unknown}
 i - a scroll of magic mapping {unknown}
 j - a scroll of amnesia {unknown}
 m - a scroll of summoning {unknown}
 s - a scroll of fear {unknown}
Potions
 r - a potion of invisibility
 t - a potion of berserk rage


   Skills:
 + Level 3.4 Maces & Flails
 - Level 2.0 Dodging
 - Level 5.0 Stealth
 + Level 5.9 Spellcasting
 + Level 9.2 Conjurations
 * Level 3.4 Fire Magic


You had 11 spell levels left.
You knew the following spells:

 Your Spells              Type           Power      Damage    Failure   Level
a - Magic Dart            Conj           100%       1d8       1%          1
b - Searing Ray           Conj           100%       3d7       1%          2
c - Iskenderun's Battles  Conj           58%        2d11      3%          5

Your spell library contained the following spells:

 Spells                   Type           Power      Damage    Failure   Level
 Dazzling Flash           Conj/Hex       70%        N/A       2%          3
 Fulminant Prism          Conj/Hex       17%        3d11      9%          4
 Iskenderun's Mystic Bla  Conj/Tloc      35%        2d8       9%          4
 Fireball                 Conj/Fire      22%        3d10      12%         5
 Orb of Destruction       Conj           29%        9d11      71%         7
 Conjure Ball Lightning   Conj/Air       17%        3x3d6     78%         6


Dungeon Overview and Level Annotations

Branches:
Dungeon (7/15)             Temple (1/1) D:5

Altars:
Ashenzari
Cheibriados
Dithmenos
Fedhas
Hepliaklqana
Makhleb
Nemelex Xobeh
Okawaru
Qazlal
Ru
Sif Muna
Trog
Uskayaw
Vehumet
Wu Jian
Xom
Zin
The Shining One

Shops:
D:7 =*

Annotations:
D:3 1 runed translucent door, Crazy Yiuf, Grinder
D:4 Menkaure


Innate Abilities, Weirdness & Mutations

You cannot wear most types of armour.
You are amphibious.
You can wear up to eight rings at the same time.
Your skin changes colour to match your surroundings (Stealth+).
Your rubbery body absorbs attacks. (AC +1, EV +1)
((You are camouflaged near water. (Stealth+)))
You have tentacles for arms and can constrict up to eight enemies at once.


Message History

Casting: Searing Ray (safe; 1% risk of failure)
Confirm with . or Enter, or press ? or * to list all spells.
You conjure a globe of magical energy.
The killer bee buzzes angrily. x3; You hear an angry buzzing noise.
The killer bee stings you.
You are poisoned.
The killer bee poisons you! The killer bee stings you.
You are more poisoned.
The killer bee poisons you!
The killer bee stings your battlesphere.
The killer bee stings you.
You are more poisoned.
The killer bee poisons you! The killer bee completely misses you.
An ufetubus comes into view.
You hear a shout!
Casting: Iskenderun's Battlesphere (dangerous; 3% risk of failure)
Confirm with . or Enter, or press ? or * to list all spells.
Aiming: Searing Ray (safe; 1% risk of failure)
Press: ? - help, Shift-Dir - straight line, f - killer bee
Aim: a killer bee (65% to hit)
The searing ray misses the killer bee.
The searing ray hits the killer bee.
The killer bee is heavily wounded. (Press . to maintain the ray.)
You feel very sick.
Your battlesphere fires!
The barrage of energy hits the killer bee!
The killer bee is almost dead.
The killer bee stings you. x2
You are lethally poisoned!
The killer bee poisons you! The killer bee stings you.
You are more poisoned.
The killer bee poisons you! The killer bee misses you.
The killer bee barely misses you. The killer bee stings you.
* * * LOW HITPOINT WARNING * * *
The killer bee closely misses you. The killer bee stings you!
* * * LOW HITPOINT WARNING * * *
You are more poisoned.
The killer bee poisons you!
You feel protected.
You die...

.......###
..#..#.# .#.
..##.#.# ..
........ . .5
#.......
..########.#
.......
...........###
.....
.#....*.(.... .
......yy..#
......y@..#
###..>yy.......
....#.######.##
...... . ...
..... .... ....


You could see 5 killer bees, an ufetubus and a friendly battlesphere.

Vanquished Creatures
  Prince Ribbit (D:5)
  Eustachio (D:5)
  A water moccasin (D:7)
  A black bear (D:5)
  An ice beast (D:5)
  A sky beast (D:6)
  2 ogres
  A kobold brigand (D:6)
  7 scorpions
  A water moccasin skeleton (D:7)
  3 hounds
  6 orc priests
  A centaur skeleton (D:6)
  3 iguanas
  2 orc wizards (D:4)
  A hound skeleton (D:3)
  A howler monkey skeleton (D:4)
  5 adders
  4 gnolls (D:4)
  A white imp (D:5)
  3 ufetubi
  An adder skeleton (D:4)
  6 worms
  2 dart slugs
  31 orcs
  6 ball pythons
  11 endoplasms
  5 giant cockroaches
  6 goblins
  8 hobgoblins
  4 jackals (D:4)
  3 quokkas
  11 bats
  4 frilled lizards
  11 kobolds
  7 rats
163 creatures vanquished.

Vanquished Creatures (others)
  5 fungi
  23 plants (D:7)
28 creatures vanquished.

Grand Total: 191 creatures vanquished

Notes
Turn   | Place    | Note
-------+----------+-------------------------------------------
     0 | D:1      | rabbitsville the Octopode Conjurer began the quest for the
                  | Orb.
     0 | D:1      | Reached XP level 1. HP: 11/11 MP: 3/3
    29 | D:1      | Found a faded altar of an unknown god.
   311 | D:1      | Reached XP level 2. HP: 17/17 MP: 0/5
   541 | D:1      | Learned a level 2 spell: Searing Ray
  1012 | D:1      | Reached XP level 3. HP: 21/21 MP: 2/6
  2468 | D:3      | Reached skill level 5 in Conjurations
  2474 | D:3      | Reached XP level 4. HP: 27/27 MP: 2/8
  2824 | D:3      | Found a runed translucent door.
  2825 | D:3      | Noticed Crazy Yiuf
  3174 | D:3      | Reached XP level 5. HP: 16/31 MP: 0/9
  3457 | D:3      | Noticed Grinder
  3485 | D:4      | Reached skill level 6 in Conjurations
  3637 | D:4      | Reached XP level 6. HP: 34/36 MP: 3/11
  3891 | D:3      | Upgraded the game from 0.28-a0-178-ga708605c5b to
                  | 0.28-a0-194-g42b4daccc1
  4677 | D:4      | Reached skill level 7 in Conjurations
  4874 | D:4      | Reached XP level 7. HP: 41/41 MP: 8/13
  4974 | D:4      | Noticed Menkaure
  5053 | D:5      | Entered Level 5 of the Dungeon
  5370 | D:5      | Noticed Eustachio
  5391 | D:5      | Killed Eustachio
  5605 | D:5      | Found a staircase to the Ecumenical Temple.
  5614 | Temple   | Entered the Ecumenical Temple
  5914 | Temple   | Became a worshipper of Sif Muna the Loreminder
  6048 | D:5      | Reached skill level 8 in Conjurations
  6048 | D:5      | Reached XP level 8. HP: 46/46 MP: 6/15
  6190 | D:5      | Noticed Prince Ribbit
  6256 | D:5      | Reached skill level 5 in Stealth
  6503 | D:6      | Reached skill level 1 in Maces & Flails
  6503 | D:6      | Reached skill level 5 in Spellcasting
  6933 | D:5      | Killed Prince Ribbit
  7170 | D:6      | Reached skill level 9 in Conjurations
  7218 | D:6      | Reached skill level 1 in Fire Magic
  7305 | D:6      | Reached * piety under Sif Muna
  7319 | D:6      | Found the +7 Singing Sword {vorpal, sonic wave}
  7341 | D:6      | Reached XP level 9. HP: 46/51 MP: 13/17
  7775 | D:7      | Found Deit's Assorted Antiques.
  8046 | D:7      | Found Horav's Jewellery Boutique.
  8172 | D:7      | Learned a level 5 spell: Iskenderun's Battlesphere
  8264 | D:7      | Succumbed to a killer bee's poison

Illustrated notes

Levels and vault maps discovered:
D:1:      lemuel_arrival_broad_hall, layout_basic,
          shapermc_ecumenical_altar_venn
D:2:      layout_basic, minivault_11
D:3:      layout_basic, st_stairs_4, uniq_crazy_yiuf_cottage, uniq_grinder
D:4:      layout_rooms, cheibrodos_sewer_entry_drain, serial_curves,
          eino_curves_02, eino_curves_03, eino_curves_01, eino_curves_04,
          enter_ossuary_5, kennysheep_generic_room_2, uniq_menkaure
D:5:      layout_basic, minmay_temple_entry_junction, uniq_prince_ribbit1,
          uniq_eustachio
D:6:      old_forge, layout_loops_ring
D:7:      kennysheep_housing_project, layout_rooms, serial_shops, shop, shop,
          minmay_starry_boxes
Temple:   hc_temple_tempest_star

Skill      XL: |  1  2  3  4  5  6  7  8  9 |
---------------+----------------------------+-----
Conjurations   | 5 6 7 8 9 |  9.2
Spellcasting   | 3 4 5 |  5.9
Stealth        | 4 5 |  5.0
Maces & Flails | 2 3 |  3.4
Fire Magic     | 2 3 |  3.4
Dodging        | |  2.0

Action                   |  1- 3 |  4- 6 |  7- 9 || total
-------------------------+-------+-------+-------++-------
Melee: Mace              |    10 |    30 |    41 ||    81
       Constrict         |     2 |     5 |     7 ||    14
       Tentacles         |     1 |     3 |     9 ||    13
Throw: Dart              |       |     6 |     4 ||    10
 Cast: Magic Dart        |    62 |    44 |    34 ||   140
       Searing Ray       |     8 |    25 |    31 ||    64
       Iskenderun's Batt |       |       |     1 ||     1
Evoke: Wand              |       |       |     3 ||     3
  Use: Scroll            |       |     3 |     2 ||     5
       Potion            |       |       |     2 ||     2
Armor: Skin              |     1 |     5 |     7 ||    13
Dodge: Dodged            |     5 |    25 |    57 ||    87

Table legend: (Time is in decaauts)
 A = Elapsed time spent in this place.
 B = Non-inter-level travel time spent in this place.
 C = Inter-level travel time spent in this place.
 D = Time resting spent in this place.
 E = Time spent auto-exploring this place.
 F = Levels seen in this place.
 G = Mean time per level.
                   A        B        C        D        E       F      G
               +--------+--------+--------+--------+--------+-----+--------+
         Total |   8300 |   8076 |    224 |   2769 |   1884 |   8 | 1037.5 |
       Dungeon |   7987 |   7763 |    224 |   2769 |   1641 |   7 | 1141.0 |
        Temple |    313 |    313 |      0 |      0 |    243 |   1 |  313.0 |
               +--------+--------+--------+--------+--------+-----+--------+

Top non-repeatable levels by time:
     D:6: 1399 daAuts
     D:3: 1316 daAuts
     D:2: 1313 daAuts
     D:1: 1281 daAuts
     D:5: 1273 daAuts
     D:4: 1162 daAuts
  Temple: 313 daAuts
     D:7: 240 daAuts
